 Dungeon Crawl Stone Soup version 0.25.1-8-g42b30a86e7 (webtiles) character file.

Game seed: 8049185115539821546

205 Abzac the Firebug (level 5, -5/28 HPs)
             Began as a Deep Elf Fire Elementalist on Dec 18, 2020.
             Killed by divine providence
             ... invoked by an orc priest
              (14 damage)
             ... on level 4 of the Dungeon.
             The game lasted 00:12:53 (3993 turns).

Abzac the Firebug (Deep Elf Fire Elementalist)      Turns: 3993, Time: 00:12:55

Health: -5/28      AC:  4    Str:  6    XL:     5   Next: 53%
Magic:  9/12       EV: 13    Int: 20    God:
Gold:   205        SH:  0    Dex: 15    Spells: 6/10 levels left

rFire    . . .     SeeInvis .   (no weapon)
rCold    + . .     Gourm    .   (no shield)
rNeg     . . .     Faith    .   j - +0 robe
rPois    .         Spirit   .   k - +2 hat
rElec    .         Reflect  .   (no cloak)
rCorr    .         Harm     .   (no gloves)
MR       .....                  (no boots)
Stlth    ++........             (no amulet)
HPRegen  0.09/turn              d - ring of protection from cold
MPRegen  0.13/turn              (no ring)

@: no status effects
A: no striking features
a: no special abilities


You were on level 4 of the Dungeon.
You were not hungry.

You visited 1 branch of the dungeon, and saw 5 of its levels.

You collected 205 gold pieces.

Inventory:

Armour
 j - a +0 robe (worn)
 k - a +2 hat (worn)
Jewellery
 d - a ring of protection from cold (left hand)
Scrolls
 b - a scroll of enchant armour {unknown}
 e - a scroll of remove curse
 g - a scroll of identify
 m - a scroll of amnesia {unknown}
 p - a scroll of magic mapping {unknown}
Potions
 a - a potion of resistance
 f - a potion of stabbing {unknown}
 h - a potion of heal wounds {unknown}
 i - 2 potions of cancellation
 l - a potion of berserk rage
 n - a potion of degeneration {unknown}
 o - a potion of mutation {unknown}
 q - a potion of flight {unknown}
Comestibles
 c - 4 rations


   Skills:
 - Level 2.5 Dodging
 - Level 2.4 Stealth
 - Level 3.4 Spellcasting
 + Level 3.3 Conjurations
 * Level 5.8 Fire Magic


You had 6 spell levels left.
You knew the following spells:

 Your Spells              Type           Power        Failure   Level  Hunger
a - Foxfire               Conj/Fire      ###.         1%          1    None
b - Conjure Flame         Conj/Fire      ###.....     6%          3    ###....

Your spell library contained the following spells:

 Spells                   Type           Power        Failure   Level  Hunger
 Inner Flame              Hex/Fire       ###.....     12%         3    ###....
 Sticky Flame             Conj/Fire      ###.....     21%         4    ####...
 Fireball                 Conj/Fire      ###.......   50%         5    ######.


Dungeon Overview and Level Annotations

Branches:
Dungeon (5/15)
 Temple: D:4-7

Altars:
Trog


Message History

Confirm with . or Enter, or press ? or * to list all spells.
You conjure some foxfire!
The foxfire hits the quokka skeleton.
The quokka skeleton is moderately damaged.
The foxfire hits the quokka skeleton.
You destroy the quokka skeleton!
Casting: Foxfire (safe; 1% risk of failure)
Confirm with . or Enter, or press ? or * to list all spells.
You conjure some foxfire!
The foxfire hits the orc priest!
The orc priest is heavily wounded.
The foxfire hits the orc priest.
The orc priest is severely wounded.
Casting: Foxfire (safe; 1% risk of failure)
Confirm with . or Enter, or press ? or * to list all spells.
You conjure some foxfire!
The orc priest invokes the aid of Beogh against you.
Beogh smites you!
Ouch! That really hurt!
You die...

####.#########..)#...
####...)....))..........
....>...................
#######.#############...
#.....# #... #.....#
#... #.....# #.(.
#.v...# #...
#####@§...## ####
#....v.§...#
#....§o....#
#.....%†...#
#..........#
#..........#
##'###..♣.♣..# #.
###...#.# #. ♣.♣#.#


You could see an orc priest.

Vanquished Creatures
  A scorpion (D:4)
  A centaur skeleton (D:4)
  A worker ant (D:5)
  3 adders
  2 oozes (D:2)
  2 worms
  A leopard gecko (D:1)
  3 orcs (D:4)
  A ball python (D:2)
  8 bats
  4 giant cockroaches
  6 goblins
  7 hobgoblins
  3 jackals
  9 kobolds
  A quokka (D:4)
  4 frilled lizards
  A quokka skeleton (D:4)
  2 rats
60 creatures vanquished.

Vanquished Creatures (others)
  187 foxfires
187 creatures vanquished.

Grand Total: 247 creatures vanquished

Notes
Turn   | Place    | Note
-------+----------+-------------------------------------------
     0 | D:1      | Abzac the Deep Elf Fire Elementalist began the quest for
                  | the Orb.
     0 | D:1      | Reached XP level 1. HP: 10/10 MP: 6/6
   430 | D:1      | Reached XP level 2. HP: 15/15 MP: 6/8
   666 | D:1      | Reached skill level 4 in Fire Magic
  1222 | D:2      | Reached XP level 3. HP: 19/19 MP: 7/9
  2278 | D:3      | Reached XP level 4. HP: 24/24 MP: 8/11
  2893 | D:4      | Found a bloodstained altar of Trog.
  3183 | D:4      | Reached skill level 5 in Fire Magic
  3436 | D:5      | Entered Level 5 of the Dungeon
  3471 | D:5      | Reached XP level 5. HP: 22/28 MP: 8/12
  3581 | D:4      | Learned a level 3 spell: Conjure Flame
  3993 | D:4      | Killed from afar by an orc priest

Illustrated notes

Levels and vault maps discovered:
D:1:      psy_arrival_radial01, layout_loops_ring, minivault_14
D:2:      layout_basic
D:3:      layout_basic
D:4:      layout_basic, old_standard_altar, serial_forest,
          infiniplex_forest_end_1, infiniplex_forest_lined_3_way,
          infiniplex_forest_clump_medium, infiniplex_forest_lined_room_2,
          infiniplex_forest_clump_double, infiniplex_forest_clump_cross
D:5:      layout_rooms, serial_co_window_serial, co_window_paths_a,
          co_window_of_opportunity_a, co_window_of_opportunity_a,
          co_window_paths_b, co_window_paths_a, co_window_broadway_b,
          co_window_unsneaky_path_b, co_window_2corner, co_window_broadway_a,
          co_window_broadway_a, co_window_paths_d, glass_columns_a,
          glass_columns_a, glass_columns_c, glass_columns_a, first_ration,
          uniq_edmund

Skill      XL: |  1  2  3  4  5 |
---------------+----------------+-----
Fire Magic     | 4 5 |  5.8
Conjurations   | 2 3 |  3.3
Dodging        | |  2.5
Stealth        | |  2.4
Spellcasting   | |  3.4

Action                   |  1- 3 |  4- 6 || total
-------------------------+-------+-------++-------
Melee: Unarmed           |     1 |       ||     1
 Cast: Foxfire           |    83 |    36 ||   119
       Conjure Flame     |       |     3 ||     3
  Use: Scroll            |     1 |     3 ||     4
  Eat: Chunk             |     4 |     3 ||     7
       Ration            |       |     1 ||     1
Armor: Robe              |    13 |     2 ||    15
Dodge: Dodged            |    57 |    10 ||    67
